 Dungeon Crawl Stone Soup version 0.21-a0-522-ga8338f0 (webtiles) character file.

14 lemonriz the Ruffian (level 2, 26/26 HPs)
             Began as a Gnoll Wanderer on Dec 6, 2017.
             Got out of the dungeon alive.
             The game lasted 00:01:13 (525 turns).

lemonriz the Ruffian (Gnoll Wanderer)                Turns: 525, Time: 00:01:14

Health: 26/26      AC:  2    Str: 16    XL:     2   Next: 45%
Magic:  5/5        EV: 11    Int: 12    God:
Gold:   86         SH:  0    Dex: 14    Spells: 6/6 levels left

rFire    . . .     SeeInvis .     - Unarmed
rCold    . . .     Gourm    .   (no shield)
rNeg     . . .     Faith    .   d - +0 robe
rPois    .         Spirit   .   (no helmet)
rElec    .         Reflect  .   (no cloak)
rCorr    .         Harm     .   (no gloves)
MR       .....                  (no boots)
Stlth    ++........             (no amulet)
HPRegen  0.08/turn              (no ring)
MPRegen  0.09/turn              (no ring)

@: no status effects
A: distributed training, fangs 1, strong nose
a: no special abilities


You escaped.
You were not hungry.

You visited 1 branch of the dungeon, and saw 1 of its levels.

You collected 86 gold pieces.

Inventory:

Armour
 d - a +0 robe (worn)
Scrolls
 e - a scroll of teleportation {unknown}
 g - 4 scrolls of remove curse {unknown}
 j - 2 scrolls of identify {unknown}
Potions
 b - a potion of lignification
 i - a potion of curing {unknown}
 l - a potion of brilliance {unknown}
Books
 a - a book of Minor Magic

   Spells                             Type                      Level
   a - Magic Dart                     Conjuration                  1
   b - Blink                          Translocation                2
   c - Call Imp                       Summoning                    2
   d - Slow                           Hexes                        2
   e - Conjure Flame                  Conjuration/Fire             3
   f - Mephitic Cloud                 Conjuration/Poison/Air       3
 c - the Reference Book on Calling

   Spells                             Type                      Level
   a - Summon Small Mammal            Summoning                    1
   b - Call Canine Familiar           Summoning                    3
Comestibles
 f - 2 bread rations
 h - 2 meat rations
 k - a chunk of flesh


   Skills:
 + Level 4.5 Fighting
 + Level 0.4 Short Blades
 + Level 0.4 Long Blades
 + Level 0.4 Axes
 + Level 0.4 Maces & Flails
 + Level 0.4 Polearms
 + Level 0.4 Staves
 + Level 0.4 Slings
 + Level 0.4 Bows
 + Level 0.4 Crossbows
 + Level 2.5 Throwing
 + Level 0.4 Armour
 + Level 0.4 Dodging
 + Level 2.2 Stealth
 + Level 0.4 Shields
 + Level 4.5 Unarmed Combat
 + Level 2.7 Spellcasting
 + Level 0.2 Conjurations
 + Level 0.2 Hexes
 + Level 0.2 Charms
 + Level 3.7 Summonings
 + Level 0.2 Necromancy
 + Level 0.2 Translocations
 + Level 0.2 Transmutations
 + Level 0.2 Fire Magic
 + Level 0.2 Ice Magic
 + Level 0.2 Air Magic
 + Level 0.2 Earth Magic
 + Level 0.2 Poison Magic
 + Level 0.5 Invocations
 + Level 2.5 Evocations


You had 6 spell levels left.
You didn't know any spells.

Dungeon Overview and Level Annotations

Branches:
Dungeon (1/15)

Altars:


Innate Abilities, Weirdness & Mutations

Your experience applies equally to all skills.
You have very sharp teeth.
Your uncanny sense of smell can sniff out nearby items.


Message History

Found a helmet.
A rat comes into view.
A rat is nearby!
The rat barely misses you.
You hit the rat.
You kill the rat!
No target in view!
You see here a rat corpse.
You butcher the rat corpse.
k - a chunk of flesh You see here a rat skeleton.
l - a purple potion You see here 3 curare-tipped needles.
You see here a club.
There is a staircase leading out of the dungeon here.
You see here a +0 club.
You can't go down here!
Unknown command.
Are you sure you want to leave the Dungeon?
This will make you lose the game!
You have escaped!

############# .####
#.....#.#...# #.....
#.#.###...#.# ......
#.#.....#.#.# ......
#.###.###.#.# ######
#.#...#.#.#.# ######.#.#.#.#.#.#
...#...#.#.#.#.### ###
##...###.#.#.#..@## #..
#.###...#...#.####. #(# #.#
#.#.###.#.#.#.. #.# #.#
#.#.#...#.#.##..### #.#
#.###.#.#.###.#.##..#.########.#
#...#.#.#...#.#.#..............#
#####.#####.#.#.###.#.##########
#.....#.#...###.#.#
##############..#.#


There were no monsters in sight!

Vanquished Creatures
  An ooze (D:1)
  2 goblins (D:1)
  4 bats (D:1)
  A frilled lizard (D:1)
  2 kobolds (D:1)
  3 rats (D:1)
13 creatures vanquished.

Notes
Turn   | Place    | Note
-------+----------+-------------------------------------------
     0 | D:1      | lemonriz the Gnoll Wanderer began the quest for the Orb.
     0 | D:1      | lemonriz set off with: a book of Minor Magic, a potion of lignification, the Reference Book on Calling, a +0 robe, a +0 club, a bread ration
     0 | D:1      | Reached XP level 1. HP: 20/20 MP: 4/4
     0 | D:1      | Identified the Reference Book on Calling
   212 | D:1      | Reached XP level 2. HP: 24/26 MP: 5/5
   525 | D:$      | Got out of the dungeon alive.

Vault maps used:
D:1:      onia_arrival_mini_maze, kennysheep_boxes

Action                   || total
-------------------------++-------
Melee: Unarmed           ||    26
       Bite              ||     1
 Stab: Sleeping          ||     5
Armor: Robe              ||     3
Dodge: Dodged            ||    19

Table legend:
 A = Spawn XP
 B = Non-spawn XP
 C = Spawn XP percentage of total XP
 D = Spawn monster count
 E = Non-spawn monster count
 F = Spawn count percentage of total count
 G = Total turns spent on level
                    A         B        C        D         E        F      G
               +---------+---------+-------+---------+---------+-------+---------
         Total |       0 |      21 |   0.0 |       0 |      13 |   0.0 |   525
               +---------+---------+-------+---------+---------+-------+---------
           D:1 |       0 |      21 |   0.0 |       0 |      13 |   0.0 |   525
               +---------+---------+-------+---------+---------+-------+---------
